[Event "FIDE WYCC Girls U14 2023"]
[Site "Montesilvano"]
[Date "2023.11.20"]
[Round "7.16"]
[White "Suyamin, Bonjoure Fille"]
[Black "Stoll, Lucia"]
[Result "1-0"]
[ECO "D37"]
[WhiteElo "1570"]
[BlackElo "1887"]
[Annotator "NA COMBH"]
[PlyCount "159"]
[EventDate "2023.11.13"]
[EventType "swiss"]
[EventCountry "ITA"]
[SourceTitle "playchess.com"]
[Source "ChessBase"]
[SourceQuality "1"]
[TimeControl "40/5400+30:1800+30"]

1. d4 Nf6 2. Nf3 e6 3. c4 d5 4. Nc3 dxc4 5. e4 b5 6. e5 Nd5 7. Nxb5 Nb6 8. Be2 Be7 9. O-O Nc6 10. Be3 O-O 11. Rc1 Rb8 12. b3 a6 13. Nc3 cxb3 14. axb3 Bb7 15. Qd2 Nb4 16. Ra1 Qd7 17. Ng5 N6d5 18. Nge4 Rfd8 19. Rfd1 Qe8 20. Bg5 Nxc3 21. Nxc3 c5 22. Bxe7 Qxe7 23. Na4 cxd4 24. Rac1 Bd5 25. Nc5 a5 26. Qb2 Qg5 27. Bf1 Nc6 28. Qe2 Nxe5 29. Ne4 Bxe4 30. Qxe4 Ng6 31. Rc7 Qf6 32. Qc2 Ne7 33. Rd3 Nf5 34. Rd2 g6 35. Rd3 Qe5 36. Rc5 Rd5 37. Rc6 Rdb5 38. Rf3 R5b7 39. Rc5 Qe1 40. h3 Kg7 41. g4 Nd6 42. Kg2 e5 43. Rc6 e4 44. Rg3 Qb4 45. h4 Rb6 46. Rc7 R8b7 47. Rc5 Re7 48. h5 Nb5 49. Rc8 g5 50. Bxb5 Rxb5 51. Qc6 h6 52. Qa8 Qd6 53. Rh8 Re6 54. Qg8+ Kf6 55. Rxh6+ Ke7 56. Rh8 Qd7 57. Qf8+ Kf6 58. Rg8 Re7 59. h6 Qb7 60. Rg6+ Ke5 61. Rxg5+ Ke6 62. Rxb5 Qxb5 63. h7 Re8 64. Qh6+ Ke7 65. h8=Q Rxh8 66. Qxh8 Qd5 67. Qh5 Qc6 68. Qe5+ Kf8 69. Rh3 f6 70. Qxd4 e3+ 71. Rf3 e2 72. Qe3 Kf7 73. Qxe2 Qd7 74. Qc4+ Kg7 75. Rd3 Qb7+ 76. Qd5 Qb4 77. Qd7+ Kg8 78. Qe6+ Kg7 79. Rd7+ Kg6 80. Qf5+ 1-0

[Event "FIDE WYCC Girls U14 2023"]
[Site "Montesilvano"]
[Date "2023.11.20"]
[Round "7.17"]
[White "Maklakova, Naomi"]
[Black "Diasamidze, Lulu"]
[Result "*"]
[ECO "A45"]
[WhiteElo "1873"]
[BlackElo "1676"]
[Annotator "NA COMBH"]
[PlyCount "82"]
[EventDate "2023.11.13"]
[EventType "swiss"]
[EventCountry "ITA"]
[SourceTitle "playchess.com"]
[Source "ChessBase"]
[SourceQuality "1"]
[TimeControl "40/5400+30:1800+30"]

1. d4 Nf6 2. Bf4 e6 3. Nf3 c5 4. e3 cxd4 5. exd4 b6 6. Nbd2 Bb7 7. Nc4 d6 8. Bd3 Be7 9. O-O O-O 10. Re1 Qc7 11. Ne3 Nd5 12. Nxd5 Bxd5 13. c4 Bb7 14. Ng5 Bxg5 15. Bxg5 f6 16. Bh4 e5 17. d5 f5 18. f3 Na6 19. Rc1 h6 20. a3 Nc5 21. Bb1 Nd7 22. b4 Rac8 23. Qd3 Ba6 24. Ba2 Qb8 25. Kh1 Kh8 26. g4 e4 27. fxe4 Ne5 28. Qe2 f4 29. g5 f3 30. Qf1 h5 31. Bg3 f2 32. Bxf2 Ng4 33. Re2 Rf3 34. Qg2 Rcf8 35. Bd4 Qd8 36. h3 Qxg5 37. Rc3 Rf1+ 38. Bg1 Qh4 39. Qg3 Qxg3 40. Rxg3 Ne5 41. b5 h4 *

[Event "FIDE WYCC Girls U14 2023"]
[Site "Montesilvano"]
[Date "2023.11.20"]
[Round "7.18"]
[White "Wojs, Alicja"]
[Black "Zagorac, Lara"]
[Result "0-1"]
[ECO "C44"]
[WhiteElo "1630"]
[BlackElo "1866"]
[Annotator "NA COMBH"]
[PlyCount "60"]
[EventDate "2023.11.13"]
[EventType "swiss"]
[EventCountry "ITA"]
[SourceTitle "playchess.com"]
[Source "ChessBase"]
[SourceQuality "1"]
[TimeControl "40/5400+30:1800+30"]

1. e4 e5 2. Nf3 Nc6 3. d4 exd4 4. Nxd4 Nf6 5. Nxc6 bxc6 6. Bd3 d5 7. exd5 cxd5 8. O-O Be7 9. h3 O-O 10. Qf3 Rb8 11. Nc3 Rb6 12. b3 Bb7 13. Bf4 d4 14. Ne4 Nd5 15. Nd2 Nxf4 16. Be4 Bxe4 17. Nxe4 Ng6 18. Rad1 c5 19. c3 Re6 20. cxd4 cxd4 21. Ng3 Bf6 22. Rd2 Qa8 23. Qg4 Qd5 24. Rfd1 Rfe8 25. Nh5 Re4 26. Nxf6+ gxf6 27. Rxd4 Rxg4 28. Rxd5 Rge4 29. Kf1 Kg7 30. Rd7 R8e7 0-1

[Event "FIDE WYCC Girls U14 2023"]
[Site "Montesilvano"]
[Date "2023.11.20"]
[Round "7.19"]
[White "Sodgerelt Naranbold"]
[Black "Zhang, Michelle"]
[Result "1-0"]
[ECO "B10"]
[WhiteElo "1419"]
[BlackElo "1833"]
[Annotator "NA COMBH"]
[PlyCount "73"]
[EventDate "2023.11.13"]
[EventType "swiss"]
[EventCountry "ITA"]
[SourceTitle "playchess.com"]
[Source "ChessBase"]
[SourceQuality "1"]
[TimeControl "40/5400+30:1800+30"]

1. e4 c6 2. Nc3 d5 3. Nf3 dxe4 4. Nxe4 Nf6 5. Qe2 Nxe4 6. Qxe4 Nd7 7. Bc4 Nf6 8. Ne5 e6 9. Qe2 b5 10. Nxc6 Qc7 11. Bd3 a6 12. Nd4 Bb7 13. O-O Bd6 14. h3 O-O 15. Nf3 Nd5 16. Qe4 g6 17. Qh4 Nf4 18. Ng5 f6 19. Ne4 Nxd3 20. cxd3 Be7 21. b3 Qc2 22. Re1 Qxd3 23. Bb2 g5 24. Nxg5 fxg5 25. Qh6 Qg6 26. Qxg6+ hxg6 27. Rxe6 Kf7 28. Rae1 Rae8 29. Rb6 Bc8 30. Re3 Bd8 31. Rf3+ Bf5 32. Rxa6 Kg8 33. Ra7 Re7 34. Rxe7 Bxe7 35. Re3 Bd6 36. Be5 Bb4 37. d4 1-0

[Event "FIDE WYCC Girls U14 2023"]
[Site "Montesilvano"]
[Date "2023.11.20"]
[Round "7.20"]
[White "Li Chen, Helena Joana"]
[Black "Valente, Sofia"]
[Result "1/2-1/2"]
[ECO "B36"]
[WhiteElo "1799"]
[BlackElo "1604"]
[Annotator "NA COMBH"]
[PlyCount "72"]
[EventDate "2023.11.13"]
[EventType "swiss"]
[EventCountry "ITA"]
[SourceTitle "playchess.com"]
[Source "ChessBase"]
[SourceQuality "1"]
[TimeControl "40/5400+30:1800+30"]

1. e4 c5 2. Nf3 Nc6 3. d4 cxd4 4. Nxd4 g6 5. c4 Nf6 6. Nc3 d6 7. Be2 Bg7 8. Be3 O-O 9. O-O Bd7 10. h3 Nxd4 11. Bxd4 Bc6 12. Qc2 a5 13. b3 Nd7 14. Bxg7 Kxg7 15. Rad1 Qb6 16. Bg4 Nc5 17. Nd5 Bxd5 18. Rxd5 Rfd8 19. Qc3+ f6 20. Qe3 a4 21. Rb1 axb3 22. axb3 Ra3 23. Bd1 Qb4 24. f4 Qxc4 25. Rd4 Qb5 26. e5 fxe5 27. fxe5 Qb6 28. Rh4 Nd7 29. Qxb6 Nxb6 30. Rb4 Nd5 31. Rxb7 dxe5 32. Bf3 Kf6 33. Rd1 e6 34. Be4 Kg5 35. g3 Rf8 36. Bxd5 exd5 1/2-1/2

[Event "FIDE WYCC Girls U14 2023"]
[Site "Montesilvano"]
[Date "2023.11.20"]
[Round "7.21"]
[White "Namala, Dhanvi"]
[Black "Montano Vicente, Guadalupe"]
[Result "1/2-1/2"]
[ECO "B90"]
[WhiteElo "1388"]
[BlackElo "1794"]
[Annotator "NA COMBH"]
[PlyCount "95"]
[EventDate "2023.11.13"]
[EventType "swiss"]
[EventCountry "ITA"]
[SourceTitle "playchess.com"]
[Source "ChessBase"]
[SourceQuality "1"]
[TimeControl "40/5400+30:1800+30"]

1. e4 c5 2. Nf3 d6 3. d4 cxd4 4. Nxd4 Nf6 5. Nc3 a6 6. Bd3 g6 7. f3 Bg7 8. Be3 O-O 9. O-O Qc7 10. Qd2 Re8 11. Kh1 Nbd7 12. Rad1 b5 13. a4 bxa4 14. Nxa4 Bb7 15. c4 Bc6 16. Nxc6 Qxc6 17. Qa5 Ne5 18. Nb6 Rab8 19. Be2 Nfd7 20. Nxd7 Nxd7 21. b4 Bc3 22. Bd2 Bd4 23. Qd5 Qxd5 24. cxd5 Rb6 25. Rc1 e6 26. Rc7 Nf6 27. dxe6 fxe6 28. Rfc1 d5 29. Bh6 Rxb4 30. exd5 Nxd5 31. Rc8 Rxc8 32. Rxc8+ Kf7 33. Bxa6 Bc3 34. Bd3 Ra4 35. Rb8 Rd4 36. Rb7+ Ne7 37. Be2 Bd2 38. Bxd2 Rxd2 39. Bf1 Kf6 40. Kg1 Nf5 41. Rb3 h5 42. Rd3 Rb2 43. Rc3 h4 44. Rc4 g5 45. Re4 Rd2 46. Re2 Rd4 47. Kf2 g4 48. Re4 1/2-1/2

[Event "FIDE WYCC Girls U14 2023"]
[Site "Montesilvano"]
[Date "2023.11.20"]
[Round "7.22"]
[White "Stankovic, Andrea"]
[Black "Mohd Afif, Ainul Mardhiah"]
[Result "*"]
[WhiteElo "1768"]
[BlackElo "1478"]
[Annotator "NA COMBH"]
[PlyCount "76"]
[EventDate "2023.11.13"]
[EventType "swiss"]
[EventCountry "ITA"]
[SourceTitle "playchess.com"]
[Source "ChessBase"]
[SourceQuality "1"]
[TimeControl "40/5400+30:1800+30"]

1. d4 Nf6 2. Nf3 d5 3. c4 e6 4. Nc3 c5 5. e3 Nc6 6. Be2 Be7 7. O-O O-O 8. Ne5 a6 9. a4 Qc7 10. f4 cxd4 11. Nxc6 bxc6 12. exd4 c5 13. Be3 Rd8 14. cxd5 exd5 15. Bd3 Ng4 16. Bd2 cxd4 17. Ne2 Ne3 18. Qc1 Qa7 19. Re1 Nc4 20. Kh1 Nxd2 21. Qxd2 Bf6 22. b4 Bd7 23. f5 Rab8 24. Reb1 Be8 25. Nf4 Bg5 26. Qf2 Qe7 27. Re1 Qd6 28. Nh3 Be3 29. Qh4 f6 30. Nf2 Rxb4 31. Ng4 Bg5 32. Qf2 h5 33. Re6 Qb8 34. h4 Bf4 35. Rf1 Bg3 36. Nxf6+ gxf6 37. Qf3 Be5 38. g4 Rb2 *

[Event "FIDE WYCC Girls U14 2023"]
[Site "Montesilvano"]
[Date "2023.11.20"]
[Round "7.23"]
[White "Hong, Jueun"]
[Black "Mueller, Riyanna"]
[Result "*"]
[ECO "B01"]
[WhiteElo "1299"]
[BlackElo "1754"]
[Annotator "NA COMBH"]
[PlyCount "68"]
[EventDate "2023.11.13"]
[EventType "swiss"]
[EventCountry "ITA"]
[SourceTitle "playchess.com"]
[Source "ChessBase"]
[SourceQuality "1"]
[TimeControl "40/5400+30:1800+30"]

1. e4 d5 2. exd5 Qxd5 3. Nc3 Qd6 4. d4 Nf6 5. Nf3 a6 6. g3 Bg4 7. Bg2 c6 8. Bf4 Qd8 9. O-O e6 10. Re1 Bd6 11. Be5 Be7 12. Qd2 Bxf3 13. Bxf3 Nbd7 14. Bf4 O-O 15. Rad1 Nb6 16. Be5 Rc8 17. Qe2 Nbd5 18. Ne4 Nxe4 19. Bxe4 Nf6 20. Bd3 Qa5 21. g4 Qxa2 22. g5 Nd7 23. Qh5 g6 24. Qh6 Nxe5 25. dxe5 Kh8 26. h4 Rg8 27. h5 Bf8 28. Qxh7+ Kxh7 29. Re3 Kg7 30. Rh3 gxh5 31. Rxh5 Rh8 32. Rxh8 Kxh8 33. Re1 Qxb2 34. Re3 Bg7 *

[Event "FIDE WYCC Girls U14 2023"]
[Site "Montesilvano"]
[Date "2023.11.20"]
[Round "7.24"]
[White "Stefan, Iulia-Cristiana"]
[Black "Aswinika Mani R"]
[Result "1/2-1/2"]
[ECO "D02"]
[WhiteElo "1748"]
[BlackElo "1472"]
[Annotator "NA COMBH"]
[PlyCount "76"]
[EventDate "2023.11.13"]
[EventType "swiss"]
[EventCountry "ITA"]
[SourceTitle "playchess.com"]
[Source "ChessBase"]
[SourceQuality "1"]
[TimeControl "40/5400+30:1800+30"]

1. d4 d5 2. Nf3 Nf6 3. Bf4 e6 4. e3 Bd6 5. Ne5 O-O 6. Nd2 c5 7. c3 c4 8. b3 b5 9. a4 b4 10. bxc4 bxc3 11. Nb1 c2 12. Qxc2 Bb4+ 13. Nd2 Ne4 14. Nef3 g5 15. Bxb8 Rxb8 16. Bd3 Bc3 17. Ra2 Bxd2+ 18. Nxd2 Nxd2 19. Kxd2 e5 20. dxe5 Be6 21. c5 d4 22. Rb2 dxe3+ 23. Kxe3 Qd5 24. Rxb8 Qxe5+ 25. Kd2 Rxb8 26. Re1 Qf4+ 27. Ke2 Re8 28. Kf1 Qxh2 29. Re3 Qh1+ 30. Ke2 Qxg2 31. Bxh7+ Kg7 32. Bf5 Qd5 33. Qc3+ f6 34. Bxe6 Rxe6 35. Rxe6 Qxe6+ 36. Kf1 Kf7 37. Qb4 Qd5 38. Qc3 Qd1+ 1/2-1/2

[Event "FIDE WYCC Girls U14 2023"]
[Site "Montesilvano"]
[Date "2023.11.20"]
[Round "7.25"]
[White "Skramstad, Oda Kofoed"]
[Black "Jiang, Hanxi"]
[Result "*"]
[WhiteElo "1801"]
[BlackElo "1575"]
[Annotator "NA COMBH"]
[PlyCount "70"]
[EventDate "2023.11.13"]
[EventType "swiss"]
[EventCountry "ITA"]
[SourceTitle "playchess.com"]
[Source "ChessBase"]
[SourceQuality "1"]
[TimeControl "40/5400+30:1800+30"]

1. d4 Nf6 2. c4 g6 3. Nc3 Bg7 4. e4 d6 5. Nf3 O-O 6. Be2 e5 7. O-O exd4 8. Nxd4 Re8 9. f3 c6 10. Nc2 Na6 11. Kh1 Nc7 12. Bg5 h6 13. Bh4 a6 14. Ne3 b5 15. Qd2 g5 16. Bg3 b4 17. Na4 d5 18. Nb6 Rb8 19. Nxc8 Rxc8 20. Nf5 Nh5 21. Bd6 a5 22. Rad1 dxc4 23. Bxc4 Ne6 24. Qc2 Qf6 25. e5 Qd8 26. Bxb4 Qc7 27. Bd6 Qb7 28. b3 Nhf4 29. g3 Ng6 30. Qe2 Ra8 31. Qb2 Kh7 32. Nxg7 Kxg7 33. Qg2 Kh8 34. Qh3 Kh7 35. Qf5 a4 *

[Event "FIDE WYCC Girls U14 2023"]
[Site "Montesilvano"]
[Date "2023.11.20"]
[Round "7.26"]
[White "Derlich, Sarah Sima"]
[Black "Pereira Garza, Cecilia"]
[Result "*"]
[WhiteElo "1745"]
[BlackElo "1479"]
[Annotator "NA COMBH"]
[PlyCount "83"]
[EventDate "2023.11.13"]
[EventType "swiss"]
[EventCountry "ITA"]
[SourceTitle "playchess.com"]
[Source "ChessBase"]
[SourceQuality "1"]
[TimeControl "40/5400+30:1800+30"]

1. e4 c5 2. Nf3 d6 3. Bb5+ Bd7 4. Bxd7+ Nxd7 5. O-O e5 6. c4 Ne7 7. Nc3 g6 8. d3 Bg7 9. a3 O-O 10. Rb1 h6 11. b4 f5 12. exf5 Nxf5 13. Ne4 b6 14. Be3 g5 15. h3 Nf6 16. Nc3 g4 17. hxg4 Nxg4 18. Nd5 Nh4 19. Nd2 h5 20. Ne4 Nf5 21. Bg5 Qd7 22. f3 Ngh6 23. Nef6+ Bxf6 24. Nxf6+ Rxf6 25. Bxf6 Nf7 26. Qd2 Kh7 27. f4 Rg8 28. Rbe1 Qe6 29. fxe5 dxe5 30. Qf4 exf4 31. Rxe6 Ne3 32. Rf2 Rg4 33. Re4 Kg6 34. Rexf4 Nh6 35. bxc5 bxc5 36. Be7 Nhf5 37. Bxc5 Rg3 38. Bxe3 Nxe3 39. R4f3 h4 40. Rxg3+ hxg3 41. Rf3 Nf5 42. c5 *

[Event "FIDE WYCC Girls U14 2023"]
[Site "Montesilvano"]
[Date "2023.11.20"]
[Round "7.27"]
[White "Chasouraki, Chrysi"]
[Black "Zadrapova, Amalie"]
[Result "1/2-1/2"]
[ECO "B94"]
[WhiteElo "1559"]
[BlackElo "1753"]
[Annotator "NA COMBH"]
[PlyCount "137"]
[EventDate "2023.11.13"]
[EventType "swiss"]
[EventCountry "ITA"]
[SourceTitle "playchess.com"]
[Source "ChessBase"]
[SourceQuality "1"]
[TimeControl "40/5400+30:1800+30"]

1. e4 c5 2. Nf3 d6 3. d4 cxd4 4. Nxd4 Nf6 5. Nc3 a6 6. Bg5 Nc6 7. Bxf6 gxf6 8. Nb3 e6 9. Bd3 Bd7 10. Qh5 h6 11. O-O-O Rg8 12. g3 b5 13. f4 b4 14. Ne2 a5 15. Nbd4 a4 16. Nxc6 Bxc6 17. Nd4 Bd7 18. f5 Rg5 19. Qe2 Rc8 20. Rhe1 Qc7 21. Bb5 Qc5 22. Bxd7+ Kxd7 23. Nf3 Rg8 24. Qd3 h5 25. Re2 Rc7 26. fxe6+ fxe6 27. e5 fxe5 28. Qh7+ Rg7 29. Qxh5 Ke7 30. Qh4+ Ke8 31. Ng5 Kd7 32. Ne4 Qc4 33. Nf6+ Kc8 34. Qxc4 Rxc4 35. Re4 Rgc7 36. Rxc4 Rxc4 37. b3 axb3 38. axb3 Rc6 39. Ng4 Bg7 40. Rf1 e4 41. h4 Rc5 42. Rf7 Bc3 43. Re7 Ra5 44. Kd1 Ra1+ 45. Ke2 Re1+ 46. Kf2 Rc1 47. h5 Bd4+ 48. Kg2 Rxc2+ 49. Kf1 Rc3 50. Rxe6 Rxg3 51. Rxe4 Bc3 52. Kf2 Rh3 53. h6 Kd7 54. Kg2 Rh5 55. Rxb4 Bxb4 56. Nf6+ Ke7 57. Nxh5 Kf7 58. h7 Bc3 59. b4 Kg6 60. b5 Kxh7 61. b6 d5 62. b7 Be5 63. Nf6+ Kg6 64. Nxd5 Kf7 65. Kf3 Ke6 66. Ke4 Bd6 67. Nb6 Bc7 68. Na8 Kd6 69. Nxc7 1/2-1/2

[Event "FIDE WYCC Girls U14 2023"]
[Site "Montesilvano"]
[Date "2023.11.20"]
[Round "7.28"]
[White "Balazs, Szabina Zoe"]
[Black "Andries, Alexia"]
[Result "1/2-1/2"]
[ECO "B31"]
[WhiteElo "1552"]
[BlackElo "1750"]
[Annotator "NA COMBH"]
[PlyCount "87"]
[EventDate "2023.11.13"]
[EventType "swiss"]
[EventCountry "ITA"]
[SourceTitle "playchess.com"]
[Source "ChessBase"]
[SourceQuality "1"]
[TimeControl "40/5400+30:1800+30"]

1. e4 c5 2. Nf3 Nc6 3. Bb5 g6 4. O-O Bg7 5. Re1 Nf6 6. a3 O-O 7. Bxc6 bxc6 8. Nc3 d6 9. d3 Rb8 10. Rb1 Nd7 11. Bd2 Ne5 12. Nxe5 Bxe5 13. Bh6 Re8 14. Qc1 Ba6 15. Ne2 Qa5 16. f4 Bxb2 17. Qe3 Bg7 18. f5 Bh8 19. h4 Rb2 20. h5 Reb8 21. Rbc1 Rxc2 22. fxg6 hxg6 23. hxg6 Rxc1 24. Rxc1 Bf6 25. Qg3 Qxa3 26. Rd1 Qb3 27. Rd2 Qe6 28. Nf4 Be5 29. gxf7+ Kxf7 30. Qh4 Rb1+ 31. Kf2 Bxf4 32. Bxf4 Qf6 33. Qh5+ Kf8 34. Kg3 Rf1 35. Bh6+ Kg8 36. Qg4+ Kh7 37. Bg5 Qe5+ 38. Bf4 Qg7 39. Bg5 Qe5+ 40. Bf4 Qf6 41. Bg5 Qe5+ 42. Bf4 Qg7 43. Bg5 Qe5+ 44. Bf4 1/2-1/2

[Event "FIDE WYCC Girls U14 2023"]
[Site "Montesilvano"]
[Date "2023.11.20"]
[Round "7.29"]
[White "Zerarga, Imene"]
[Black "Qi, Jenny"]
[Result "1/2-1/2"]
[ECO "B98"]
[WhiteElo "1514"]
[BlackElo "1737"]
[Annotator "NA COMBH"]
[PlyCount "118"]
[EventDate "2023.11.13"]
[EventType "swiss"]
[EventCountry "ITA"]
[SourceTitle "playchess.com"]
[Source "ChessBase"]
[SourceQuality "1"]
[TimeControl "40/5400+30:1800+30"]

1. e4 c5 2. Nf3 d6 3. d4 cxd4 4. Nxd4 Nf6 5. Nc3 a6 6. Bg5 e6 7. f4 Be7 8. Qf3 h6 9. Bh4 Nbd7 10. O-O-O Qc7 11. g4 g5 12. fxg5 Ne5 13. Qg3 Nfxg4 14. gxh6 Bxh4 15. Qxh4 Qe7 16. Qxe7+ Kxe7 17. Rd2 Rxh6 18. h3 Bd7 19. Nd1 Rah8 20. Nf2 Ne3 21. Re2 Nxf1 22. Rxf1 Rf6 23. Rh1 Nf3 24. Nxf3 Rxf3 25. h4 e5 26. Nd3 Bb5 27. Kd2 Rc8 28. Rg2 Rf6 29. h5 Rh6 30. Nb4 Bc4 31. b3 Be6 32. c4 Rch8 33. Rgh2 Bg4 34. Nd5+ Kd8 35. Ne3 Bf3 36. Nf5 Bxh1 37. Nxh6 Rxh6 38. Rxh1 Ke7 39. Ke3 Kf6 40. Rf1+ Kg7 41. Rg1+ Kf6 42. Rf1+ Ke6 43. Rf5 Rf6 44. Rg5 Rf4 45. Rg8 Rh4 46. Rh8 Rh2 47. h6 Kf6 48. h7 Kg7 49. Rd8 Rxh7 50. Rxd6 Rh3+ 51. Ke2 Rh2+ 52. Kf3 Rxa2 53. Rb6 Rb2 54. Rxb7 a5 55. Rb5 Kf6 56. c5 Ke6 57. Kg4 Rg2+ 58. Kf3 Rb2 59. Kg4 Rg2+ 1/2-1/2

[Event "FIDE WYCC Girls U14 2023"]
[Site "Montesilvano"]
[Date "2023.11.20"]
[Round "7.30"]
[White "Rice, Leah"]
[Black "Li, Anna Sofie"]
[Result "1-0"]
[ECO "D00"]
[WhiteElo "1499"]
[BlackElo "1722"]
[Annotator "NA COMBH"]
[PlyCount "157"]
[EventDate "2023.11.13"]
[EventType "swiss"]
[EventCountry "ITA"]
[SourceTitle "playchess.com"]
[Source "ChessBase"]
[SourceQuality "1"]
[TimeControl "40/5400+30:1800+30"]

1. d4 d5 2. Bf4 Nf6 3. e3 e6 4. Nf3 c5 5. c3 Nc6 6. Bd3 Bd6 7. Bg3 Qe7 8. Nbd2 e5 9. dxc5 Bxc5 10. Bb5 Bd6 11. Bh4 Bf5 12. O-O a6 13. Ba4 Rd8 14. c4 Bd3 15. cxd5 Bxf1 16. Qxf1 b5 17. Bxb5 axb5 18. Qxb5 O-O 19. Qxc6 Rc8 20. Bxf6 gxf6 21. Qa4 f5 22. Qh4 Qxh4 23. Nxh4 Rc2 24. Ndf3 Rfc8 25. g3 Rxb2 26. Nxf5 Rd8 27. a4 Bb4 28. Rd1 f6 29. d6 Ra2 30. N3h4 Rxa4 31. Rb1 Bxd6 32. Rb6 Ra1+ 33. Kg2 Rd1 34. Nh6+ Kg7 35. N6f5+ Kg8 36. Nh6+ Kf8 37. N4f5 Be7 38. Ng4 Kf7 39. Nxe7 Kxe7 40. Nxf6 Rh8 41. Ne4 Rhd8 42. Ng5 Rh8 43. Re6+ Kd7 44. Rxe5 Rd2 45. Ne4 Rc2 46. Rh5 Ke7 47. Ng5 h6 48. Nf3 Ra8 49. Nd4 Rb2 50. Nc6+ Kf7 51. Rxh6 Kg7 52. Rh4 Re8 53. Nd4 Kg6 54. Rg4+ Kh5 55. Rg7 Rf8 56. Nf3 Kh6 57. Rg4 Kh5 58. Rg5+ Kh6 59. Re5 Ra8 60. Ng5 Rf8 61. Nh3 Ra8 62. g4 Rg8 63. Rh5+ Kg6 64. Rg5+ Kh7 65. Rxg8 Kxg8 66. Kg3 Kg7 67. f4 Re2 68. Kf3 Rxh2 69. Nf2 Rh8 70. f5 Kf6 71. Kf4 Rh4 72. e4 Rh2 73. g5+ Kf7 74. g6+ Kg7 75. Ng4 Rh1 76. Kg5 Rg1 77. f6+ Kg8 78. e5 Rf1 79. Nh6+ 1-0

[Event "FIDE WYCC Girls U14 2023"]
[Site "Montesilvano"]
[Date "2023.11.20"]
[Round "7.31"]
[White "Nguyen, Thuy Linh"]
[Black "Briem, Gudrun Fanney"]
[Result "1-0"]
[ECO "E10"]
[WhiteElo "1398"]
[BlackElo "1692"]
[Annotator "NA COMBH"]
[PlyCount "139"]
[EventDate "2023.11.13"]
[EventType "swiss"]
[EventCountry "ITA"]
[SourceTitle "playchess.com"]
[Source "ChessBase"]
[SourceQuality "1"]
[TimeControl "40/5400+30:1800+30"]

1. d4 Nf6 2. c4 e6 3. Nf3 d5 4. g3 Nbd7 5. Bg2 dxc4 6. Qa4 a6 7. Qxc4 b5 8. Qc6 Rb8 9. Bf4 Bb7 10. Qxc7 Qxc7 11. Bxc7 Rc8 12. Bf4 Bb4+ 13. Nbd2 Rc2 14. a3 Bxd2+ 15. Bxd2 Rxb2 16. Bb4 Nb6 17. O-O Nfd5 18. Ne5 Rxe2 19. Bc5 Nd7 20. Nxd7 Kxd7 21. a4 Bc6 22. axb5 Bxb5 23. Rfc1 Rd2 24. Ra3 Rc8 25. Rca1 Rb8 26. Rb1 Rc8 27. Bf1 e5 28. Bh3+ Kd8 29. Bxc8 Kxc8 30. dxe5 Re2 31. Rc1 Kd7 32. Bd6 f6 33. Bf8 fxe5 34. Bxg7 Ke6 35. Bh6 e4 36. Be3 Kf6 37. Rca1 Nb4 38. Rd1 Nd3 39. Raa1 Bc4 40. Rd2 Rxd2 41. Bxd2 Ne5 42. Bc3 Ke6 43. Ra4 Nf3+ 44. Kg2 Kd5 45. h4 h5 46. Rb4 Bb5 47. Kh1 Ne5 48. Rd4+ Ke6 49. Rd8 Nf7 50. Rg8 Bd3 51. g4 Be2 52. Rg6+ Ke7 53. gxh5 Bxh5 54. Rxa6 Bf3+ 55. Kh2 Kf8 56. Kg3 Be2 57. Rb6 Bf3 58. Kf4 Kg8 59. Kf5 Kh7 60. Kf6 e3 61. fxe3 Bh5 62. Rb7 Kg8 63. Rb8+ Kh7 64. Rf8 Bg6 65. Rxf7+ Kg8 66. Rg7+ Kh8 67. Rxg6 Kh7 68. Rg5 Kh6 69. Kf7 Kh7 70. Rh5# 1-0

[Event "FIDE WYCC Girls U14 2023"]
[Site "Montesilvano"]
[Date "2023.11.20"]
[Round "7.32"]
[White "Huang, Jolie"]
[Black "Alemanova, Yasmina"]
[Result "*"]
[WhiteElo "1680"]
[BlackElo "1570"]
[Annotator "NA COMBH"]
[PlyCount "91"]
[EventDate "2023.11.13"]
[EventType "swiss"]
[EventCountry "ITA"]
[SourceTitle "playchess.com"]
[Source "ChessBase"]
[SourceQuality "1"]
[TimeControl "40/5400+30:1800+30"]

1. d4 Nf6 2. c4 e6 3. Nf3 b6 4. e3 Bb7 5. Bd3 d5 6. O-O Bd6 7. b3 O-O 8. Bb2 Nbd7 9. Nbd2 Ne4 10. Rc1 Qe7 11. Qc2 f5 12. Ne5 Bxe5 13. dxe5 Ndc5 14. Ba3 Qg5 15. f4 Qg6 16. Bxe4 dxe4 17. Bxc5 bxc5 18. Rfd1 Rfd8 19. Nb1 Rd3 20. Rxd3 exd3 21. Qf2 Qg4 22. Nc3 Be4 23. Rd1 a5 24. Rd2 Qg6 25. Na4 Qe8 26. Nxc5 Rd8 27. Na4 Qe7 28. Rb2 Bc6 29. Nc3 Qc5 30. Qd2 g5 31. Kf1 gxf4 32. exf4 Qd4 33. Nd1 Qe4 34. Qe3 Be8 35. Qxe4 fxe4 36. Rd2 Bh5 37. Kf2 Bxd1 38. Rxd1 c5 39. Ke3 Rd4 40. Kd2 h5 41. g3 Kf7 42. h3 a4 43. Kc3 axb3 44. axb3 Kg6 45. Kd2 Kf5 46. Rf1 *

[Event "FIDE WYCC Girls U14 2023"]
[Site "Montesilvano"]
[Date "2023.11.20"]
[Round "7.33"]
[White "Michalska, Lena"]
[Black "Arzur, Maia"]
[Result "1-0"]
[ECO "A20"]
[WhiteElo "1640"]
[BlackElo "1997"]
[Annotator "NA RC"]
[PlyCount "87"]
[EventDate "2023.11.13"]
[EventType "swiss"]
[EventCountry "ITA"]
[SourceTitle "playchess.com"]
[Source "ChessBase"]
[SourceQuality "1"]
[TimeControl "40/5400+30:1800+30"]

1. c4 e5 2. g3 Nf6 3. Bg2 d5 4. cxd5 Nxd5 5. Nc3 Nb6 6. Nf3 Nc6 7. d3 Be7 8. O-O O-O 9. Be3 Re8 10. d4 exd4 11. Nxd4 Nxd4 12. Qxd4 c6 13. Rad1 Be6 14. Qe4 Qc8 15. Qc2 Nc4 16. Bf4 h6 17. Rfe1 Bf8 18. b3 Nb6 19. e4 Bh3 20. Bh1 Qe6 21. Ne2 Bg4 22. Be3 Bb4 23. Bd2 Bd6 24. f3 Bh5 25. Nf4 Bxf4 26. Bxf4 Bg6 27. Rd6 Qe7 28. Red1 Nd5 29. Qd2 Nxf4 30. Qxf4 Rad8 31. Bg2 Rxd6 32. Qxd6 Qg5 33. Qd7 Qc5+ 34. Kf1 Rf8 35. Qxb7 f5 36. e5 f4 37. e6 fxg3 38. hxg3 Qe3 39. Qd7 Rxf3+ 40. Bxf3 Qxf3+ 41. Ke1 Qe3+ 42. Kf1 Qf3+ 43. Ke1 Bh5 44. Qd8+ 1-0

[Event "FIDE WYCC Girls U14 2023"]
[Site "Montesilvano"]
[Date "2023.11.20"]
[Round "7.34"]
[White "Kazhiakhmetova, Yerkenaz"]
[Black "Saparya Ghosh"]
[Result "1-0"]
[ECO "E48"]
[WhiteElo "1218"]
[BlackElo "1659"]
[Annotator "NA COMBH"]
[PlyCount "137"]
[EventDate "2023.11.13"]
[EventType "swiss"]
[EventCountry "ITA"]
[SourceTitle "playchess.com"]
[Source "ChessBase"]
[SourceQuality "1"]
[TimeControl "40/5400+30:1800+30"]

1. d4 Nf6 2. c4 e6 3. Nc3 Bb4 4. e3 O-O 5. Bd3 d5 6. Nf3 Nbd7 7. O-O c6 8. Bd2 dxc4 9. Bxc4 b5 10. Bd3 a6 11. Ne4 Be7 12. Nxf6+ Nxf6 13. Qc2 Bb7 14. Ng5 g6 15. Ne4 Nd7 16. Rfd1 f5 17. Nc5 Nxc5 18. dxc5 Qc7 19. e4 f4 20. Be2 Rad8 21. b4 Bc8 22. Bc3 e5 23. Rxd8 Rxd8 24. Rd1 Re8 25. Rd2 Kf7 26. Qd1 Kf6 27. Bg4 h5 28. Bxc8 Qxc8 29. Qf3 Qe6 30. Qxf4+ Kg7 31. Qxe5+ Qxe5 32. Bxe5+ Kf7 33. f4 g5 34. g3 a5 35. a3 axb4 36. axb4 h4 37. Kf2 Ke6 38. Ke3 Ra8 39. Kd4 Ra4 40. Rb2 hxg3 41. hxg3 g4 42. f5+ Kf7 43. Bd6 Ra3 44. e5 Bg5 45. e6+ Kf6 46. Re2 Kxf5 47. Re5+ Kg6 48. e7 Bxe7 49. Rxe7 Kf5 50. Rc7 Rb3 51. Rxc6 Rxb4+ 52. Kc3 Rc4+ 53. Kb3 Ke6 54. Rb6 Kd5 55. Rxb5 Rc1 56. Kb4 Kc6 57. Rb6+ Kd5 58. Kb5 Ra1 59. Rb7 Rb1+ 60. Ka6 Rf1 61. Kb6 Rf3 62. Rd7 Ke6 63. Kc7 Ra3 64. Re7+ Kd5 65. Re5+ Kd4 66. Rg5 Kc4 67. c6 Ra8 68. Kb7 Rd8 69. c7 1-0